[Event "FIDE Women World Blitz 2021"]
[Site "Warsaw"]
[Date "2021.12.30"]
[Round "12.2"]
[White "Kiolbasa, Oliwia"]
[Black "Gunina, Valentina"]
[Result "0-1"]
[ECO "B12"]
[WhiteElo "2403"]
[BlackElo "2480"]
[Annotator "ChessBase"]
[PlyCount "146"]
[EventDate "2021.12.29"]
[EventType "swiss"]
[EventCountry "POL"]
[Tiebreak "Cut1 Buchholz"]
[SourceTitle "playchess.com"]
[Source "ChessBase"]
[SourceQuality "1"]
[TimeControl "180+2"]

1. e4 c6 2. d4 d5 3. e5 c5 4. dxc5 e6 5. Nf3 Bxc5 6. Bd3 Nc6 7. O-O Nge7 8.
Bf4 Ng6 9. Bg3 Qb6 10. Nc3 Be7 11. Qd2 Bd7 12. a3 Rc8 13. h4 Nd4 14. Nxd4 Qxd4 15. h5 Nxe5 16. Ne2 Nc4 17. Nxd4 Nxd2 18. Rfe1 a6 19. a4 Nc4 20. b3 Nd6 21. Rad1 h6 22. Nf3 O-O 23. Ne5 Be8 24. c4 d4 25.
Bb1 f6 26. Ng6 Bxg6 27. Bxg6 e5 28. f4 e4 29. Bxe4 Nxe4 30.
Rxe4 Bc5 31. Bf2 Rfd8 32. Rd3 Rd7 33. Re1 Kf7 34. a5 Rcd8 35.
Rb1 Bb4 36. Be1 Bxe1 37. Rxe1 Re7 38. Rxe7+ Kxe7 39. g4 f5 40. g5 hxg5 41. fxg5 Ke6 42. Kf2 Ke5 43. Kf3 Rh8 44. Rd1 Rxh5 45. Re1+ Kd6 46. Kf4 g6 47. Re8 Rh4+ 48. Kf3 Rh3+ 49. Kf4 Rh4+ 50. Kf3 Rg4 51. Rd8+ Kc7 52. Rd5 Rxg5 53. Rxd4 Rg1 54. Rd5 Rb1 55. Rd3 g5 56. Ke3 g4 57. Kf4 Rf1+ 58. Kg3 Kc6 59. Rd8 Rf3+ 60. Kg2 Rxb3 61. Rf8 Rf3 62. Rc8+ Kd7 63. Rf8 Rf4 64. c5 Kc6 65. Rc8+ Kb5 66. Rc7 Rc4 67. Rxb7+ Kxa5 68. Rc7 Kb5 69. Kg3 Rxc5 70. Rb7+ Kc6 71. Rb4 a5 72. Rd4 Kb5 73. Rf4 a4 0-1

[Event "FIDE Women World Blitz 2021"]
[Site "Warsaw"]
[Date "2021.12.30"]
[Round "12.2"]
[White "Maisuradze, Nino"]
[Black "Kubicka, Anna"]
[Result "1-0"]
[ECO "A01"]
[WhiteElo "2175"]
[BlackElo "2273"]
[Annotator "NA"]
[PlyCount "93"]
[EventDate "2021.12.29"]
[EventType "swiss"]
[EventCountry "POL"]
[Tiebreak "Cut1 Buchholz"]
[SourceTitle "playchess.com"]
[Source "ChessBase"]
[SourceQuality "1"]
[TimeControl "180+2"]

1. b3 e5 2. Bb2 Nc6 3. c4 f5 4. Nc3 Nf6 5. e3 d6 6. d4 g6 7. d5 Ne7 8. Bd3 Bg7 9. Bc2 O-O 10. Nge2 a6 11. Qd2 Qe8 12. O-O g5 13.
f4 gxf4 14. exf4 e4 15. Nd4 Qg6 16. b4 Nh5 17. Rae1 Qh6 18.
Nce2 Ng6 19. Bb3 Bd7 20. c5 Rae8 21. Ne6 Bxb2 22. Qxb2 Bxe6 23. dxe6 Re7 24. cxd6 cxd6 25. Qd2 Rd8 26. g3 Nf6 27. Nd4 Qh5 28. Kg2 Kh8 29. Bd1 Ng4 30.
h3 Rg8 31. hxg4 fxg4 32. Rh1 Qd5 33. Bb3 e3+ 34. Bxd5 exd2 35. Rd1 Rc8 36. Rxd2 Rc3 37. Nf5 Rec7 38. Nxd6 Rc2 39. Rhd1 b5 40. Be4 Rxd2+ 41. Rxd2 Ne7 42. f5 Ng8 43. Rc2 Re7 44. Rc8 Kg7 45. Ne8+ Kh6 46. f6 Rxe6 47. f7 1-0

[Event "FIDE Women World Blitz 2021"]
[Site "Warsaw"]
[Date "2021.12.30"]
[Round "12.3"]
[White "Sliwicka, Alicja"]
[Black "Goraj, Barbara"]
[Result "1-0"]
[ECO "B20"]
[WhiteElo "2303"]
[BlackElo "1902"]
[Annotator "NA"]
[PlyCount "71"]
[EventDate "2021.12.29"]
[EventType "swiss"]
[EventCountry "POL"]
[Tiebreak "Cut1 Buchholz"]
[SourceTitle "playchess.com"]
[Source "ChessBase"]
[SourceQuality "1"]
[TimeControl "180+2"]

1. e4 c5 2. Ne2 Nc6 3. c4 e5 4. g3 g6 5. Bg2 Bg7 6. O-O d6 7. d3 Be6 8. Nbc3 Nge7 9. Nd5 h6 10. a3 Rb8 11. b4 Nd4 12. Nxd4 exd4 13. f4 Bxd5 14. cxd5 f5 15. bxc5 fxe4 16. cxd6 Qxd6 17. dxe4 O-O 18. Qd3 Rbc8 19. e5 Qb6 20. Rb1 Qc5 21. Bb2 Nxd5 22. Bxd4 Qc6 23. Bf2 Rcd8 24. Rbd1 Kh7 25. Bxd5 Qa4 26. Qb3 Qa5 27. Bf3 Rc8 28. Qb4 Qa6 29. Rd7 b6 30. Qe7 Rg8 31. Bd5 Qa5 32. Bxg8+ Rxg8 33. Rd8 Rxd8 34. Qxd8 Qxa3 35. e6 Bf6 36. Qxf6 1-0

[Event "FIDE Women World Blitz 2021"]
[Site "Warsaw"]
[Date "2021.12.30"]
[Round "12.3"]
[White "Buksa, Nataliya"]
[Black "Vaishali R"]
[Result "1-0"]
[ECO "D00"]
[WhiteElo "2199"]
[BlackElo "2405"]
[Annotator "NA"]
[PlyCount "85"]
[EventDate "2021.12.29"]
[EventType "swiss"]
[EventCountry "POL"]
[Tiebreak "Cut1 Buchholz"]
[SourceTitle "playchess.com"]
[Source "ChessBase"]
[SourceQuality "1"]
[TimeControl "180+2"]

1. d4 Nf6 2. Nc3 d5 3. Bf4 g6 4. e3 Bg7 5. h4 O-O 6. h5 c5 7. hxg6 hxg6 8. Nf3 Nc6 9. Ne5 cxd4 10. Nxc6 bxc6 11. exd4 Ne4 12. Nxe4 dxe4 13. c3 Qd5 14. Qd2 Rd8 15. Bh6 Bf6 16. Be3 Rb8 17. b3 Bg4 18. Bc4 Qf5 19. Be2 c5 20. O-O-O cxd4 21. cxd4 Bxe2 22. Qxe2 a5 23. g4 Qd5 24. g5 Bxg5 25. Qg4 Rdc8+ 26. Kb2 Bxe3 27. fxe3 Qe6 28. Qh4 Qf6 29. Qh2 Qg7 30. Qf4 a4 31. Rh2 axb3 32. axb3 f6 33. Rdh1 Kf7 34. Qxe4 Rh8 35. Qd5+ e6 36. Qd7+ Kg8 37. Rxh8+ Qxh8 38. Qxe6+ Kg7 39. Rxh8 Rxh8 40. Qe7+ Kh6 41.
Qxf6 Re8 42. d5 Kh5 43. d6 1-0

[Event "FIDE Women World Blitz 2021"]
[Site "Warsaw"]
[Date "2021.12.30"]
[Round "12.4"]
[White "Koneru, Humpy"]
[Black "Kashlinskaya, Alina"]
[Result "1-0"]
[ECO "E93"]
[WhiteElo "2586"]
[BlackElo "2482"]
[Annotator "ChessBase"]
[PlyCount "85"]
[EventDate "2021.12.29"]
[EventType "swiss"]
[EventCountry "POL"]
[Tiebreak "Cut1 Buchholz"]
[SourceTitle "playchess.com"]
[Source "ChessBase"]
[SourceQuality "1"]
[TimeControl "180+2"]

1. d4 Nf6 2. c4 g6 3. Nc3 Bg7 4. e4 d6 5. Be2 O-O 6. Be3 e5 7. d5 Na6 8. Nf3 Nc5 9. Nd2 a5 10. h4 c6 11. h5 a4 12. h6 Bh8 13. Bxc5 dxc5 14. Nxa4 cxd5 15. cxd5 Nd7 16. O-O Qh4 17. d6 Nf6 18. Nf3 Qxh6 19. Nb6 Rb8 20.
d7 Nxd7 21. Nxc8 Rfxc8 22. Qxd7 Bf6 23. Rad1 Qg7 24. Qb5 g5 25. Nd2 g4 26. g3 Qg6 27. Qd7 h5 28. Qf5 Qh6 29. Nc4 Re8 30.
Kg2 Re6 31. Rh1 h4 32. Qxg4+ Kf8 33. Rd6 Ke7 34. Rhd1 b5 35. Rd7+ Kf8 36. Ne3 hxg3 37. Qxg3 Be7 38. Nf5 Qh7 39. Rxe7 Rg6 40. Bg4 Ra8 41. Red7 Ke8 42. Qxe5+ Re6 43. Ng7+ 1-0

[Event "FIDE Women World Blitz 2021"]
[Site "Warsaw"]
[Date "2021.12.30"]
[Round "12.4"]
[White "Yakimova, Mariya"]
[Black "Szczotka, Klara"]
[Result "1-0"]
[ECO "E18"]
[WhiteElo "2219"]
[BlackElo "1584"]
[Annotator "NA"]
[PlyCount "78"]
[EventDate "2021.12.29"]
[EventType "swiss"]
[EventCountry "POL"]
[Tiebreak "Cut1 Buchholz"]
[SourceTitle "playchess.com"]
[Source "ChessBase"]
[SourceQuality "1"]
[TimeControl "180+2"]

1. d4 Nf6 2. c4 e6 3. g3 d5 4. Nf3 b6 5. cxd5 exd5 6. Bg2 Bb7 7. O-O Be7 8.
Nc3 O-O 9. Bf4 a6 10. Rc1 Nbd7 11. Ne5 Nxe5 12. dxe5 Ne4 13. Nxe4 dxe4 14. Qxd8 Bxd8 15. Rfd1 Rc8 16. Rd7 Ba8 17. b4 Re8 18. h4 Re7 19. Bh3 Rxd7 20. Bxd7 Rb8 21. a3 Kf8 22. Rc4 a5 23. Bf5 g6 24. Bxe4 Bxe4 25.
Rxe4 axb4 26. axb4 Ra8 27. e6 fxe6 28. Rxe6 Ra4 29. Re4 Kf7 30. f3 c5 31. bxc5 Rxe4 32. fxe4 bxc5 33. Kf2 Ke6 34. Ke3 Bf6 35. Kd3 Kd7 36. Kc4 Kc6 37. Be3 Be7 38. Bf2 Bd6 39. g4 h5 1-0

[Event "FIDE Women World Blitz 2021"]
[Site "Warsaw"]
[Date "2021.12.30"]
[Round "12.5"]
[White "Muzychuk, Anna"]
[Black "Injac, Teodora"]
[Result "1-0"]
[ECO "C26"]
[WhiteElo "2533"]
[BlackElo "2387"]
[Annotator "ChessBase"]
[PlyCount "61"]
[EventDate "2021.12.29"]
[EventType "swiss"]
[EventCountry "POL"]
[Tiebreak "Cut1 Buchholz"]
[SourceTitle "playchess.com"]
[Source "ChessBase"]
[SourceQuality "1"]
[TimeControl "180+2"]

1. e4 e5 2. Nc3 Nf6 3. d4 exd4 4. Qxd4 Nc6 5. Qd3 Be7 6.
Bf4 O-O 7. O-O-O d6 8. f3 Be6 9. g4 a5 10. Kb1 a4 11. a3 Nd7 12. Qe3 Nce5 13. Nge2 Nc4 14. Qc1 Nde5 15. Nd4 c5 16. Nf5 b5 17. Nd5 Bxd5 18. Rxd5 Qc7 19. Bxc4 Nxc4 20. Bh6 Bf6 21. Bxg7 Bxg7 22. Nxg7 Ne5 23. Qh6 Rae8 24. Nh5 f5 25. Nf6+ Rxf6 26. Qxf6 fxe4 27. fxe4 Nc4 28. Rf1 Ne5 29. Rf5 h6 30. Qxh6 Re7 31. Rxd6 1-0

[Event "FIDE Women World Blitz 2021"]
[Site "Warsaw"]
[Date "2021.12.30"]
[Round "12.5"]
[White "Bartel, Marta"]
[Black "Kazarian, Anna-Maja"]
[Result "0-1"]
[ECO "E12"]
[WhiteElo "2192"]
[BlackElo "2138"]
[Annotator "NA"]
[PlyCount "102"]
[EventDate "2021.12.29"]
[EventType "swiss"]
[EventCountry "POL"]
[Tiebreak "Cut1 Buchholz"]
[SourceTitle "playchess.com"]
[Source "ChessBase"]
[SourceQuality "1"]
[TimeControl "180+2"]

1. d4 Nf6 2. Bg5 e6 3. Nf3 Be7 4. e3 b6 5. c4 Bb7 6. Nc3 O-O 7. Be2 d6 8. O-O Nbd7 9. Qc2 c5 10. Rad1 cxd4 11. Nxd4 a6 12. Bf3 Bxf3 13. Nxf3 Qc7 14. Qe2 Nc5 15. b3 Nfe4 16. Nxe4 Nxe4 17. Bxe7 Qxe7 18. Rd3 f5 19. Rfd1 Rad8 20. Nd4 Qe8 21. Nc2 Qe7 22. Nb4 Qf6 23. Qc2 a5 24. Nc6 Rc8 25. Nd4 d5 26. Nb5 Rc5 27. f3 Ng5 28.
Na3 Nf7 29. Qd2 Ne5 30. Rd4 Nc6 31. Rd3 Nb4 32. Rd4 e5 33.
Rxd5 Nxd5 34. cxd5 e4 35. Nc4 exf3 36. gxf3 Rd8 37. d6 a4 38. Qd3 axb3 39. axb3 b5 40. Nb6 Rc6 41. Nd5 Qg5+ 42. Kh1 Rcxd6 43. Qxb5 h6 44. Rd4 f4 45. e4 Rg6 46. Qf1 Rc8 47. Rd1 Rc2 48.
b4 Qh4 49. h3 Qg3 50. Ne7+ Kh7 51. Nxg6 Qh2# 0-1

[Event "FIDE Women World Blitz 2021"]
[Site "Warsaw"]
[Date "2021.12.30"]
[Round "12.6"]
[White "Goryachkina, Aleksandra"]
[Black "Babiy, Olga"]
[Result "1/2-1/2"]
[ECO "D27"]
[WhiteElo "2604"]
[BlackElo "2179"]
[Annotator "ChessBase"]
[PlyCount "89"]
[EventDate "2021.12.29"]
[EventType "swiss"]
[EventCountry "POL"]
[Tiebreak "Cut1 Buchholz"]
[SourceTitle "playchess.com"]
[Source "ChessBase"]
[SourceQuality "1"]
[TimeControl "180+2"]

1. d4 d5 2. c4 dxc4 3. e3 Nf6 4. Bxc4 e6 5. Nf3 a6 6. O-O c5 7. dxc5 Bxc5 8. Qxd8+ Kxd8 9. Nbd2 Ke7 10. Be2 Bd7 11. Nc4 Bb5 12. b3 Nbd7 13. Bb2 Rhc8 14. Rac1 g6 15. Rfd1 Nd5 16. Kf1 f5 17. a4 Bxc4 18. Bxc4 N7b6 19. Be2 Bd6 20. Ne5 Rxc1 21. Rxc1 Rc8 22. Rxc8 Nxc8 23. Nc4 Bb4 24. Bf3 b5 25. axb5 axb5 26. Bxd5 exd5 27. Ne5 Ke6 28. Nd3 Bd6 29. Ke2 Ne7 30. h3 Nc6 31. Kd2 Be7 32. Nf4+ Kd6 33.
Ba3+ Ke5 34. Bxe7 Nxe7 35. Kc3 d4+ 36. Kd3 dxe3 37. Kxe3 Nd5+ 38. Nxd5 Kxd5 39. Kd3 Kc5 40. Kc3 b4+ 41. Kd3 Kd5 42. f4 h5 43.
Ke3 Kc5 44. h4 Kd5 45. Kd3 1/2-1/2

[Event "FIDE Women World Blitz 2021"]
[Site "Warsaw"]
[Date "2021.12.30"]
[Round "12.6"]
[White "Kucharska, Honorata"]
[Black "Jakubowska, Anna"]
[Result "0-1"]
[ECO "B11"]
[WhiteElo "2168"]
[BlackElo "2106"]
[Annotator "NA"]
[PlyCount "90"]
[EventDate "2021.12.29"]
[EventType "swiss"]
[EventCountry "POL"]
[Tiebreak "Cut1 Buchholz"]
[SourceTitle "playchess.com"]
[Source "ChessBase"]
[SourceQuality "1"]
[TimeControl "180+2"]

1. e4 c6 2. Nf3 d5 3. Nc3 dxe4 4. Nxe4 Nf6 5. Nc3 Bg4 6. h3 Bxf3 7. Qxf3 e6 8. g3 Be7 9. Bg2 O-O 10. O-O Nbd7 11. d4 Nb6 12. Rd1 Nfd5 13.
Ne4 Nf6 14. b3 Nxe4 15. Qxe4 Bf6 16. Bb2 Qd5 17. Qe2 Qf5 18. c4 Rad8 19. Kh2 g6 20. Be4 Qg5 21. Bc1 Qa5 22. Bd2 Qa3 23. Be3 c5 24. dxc5 Bxa1 25. Rxa1 Nd7 26. Bxb7 Nxc5 27. Bg2 Nxb3 28. Rf1 Nd4 29. Qg4 Nf5 30. Bg5 Rd4 31. Qe2 Qd6 32. Bf6 Rd2 33. Qe4 Qd3 34. Qc6 Nxg3 35. fxg3 Qxf1 36. Qe4 Rxa2 37. c5 Rc8 38. Bd4 Qxg2+ 39. Qxg2 Rxg2+ 40. Kxg2 a5 41. Kf3 f6 42. Ke4 e5 43. Be3 a4 44. Kd3 a3 45. Kc2 Rb8 0-1

[Event "FIDE Women World Blitz 2021"]
[Site "Warsaw"]
[Date "2021.12.30"]
[Round "12.7"]
[White "Lagno, Kateryna"]
[Black "Bivol, Alina"]
[Result "1-0"]
[ECO "C02"]
[WhiteElo "2550"]
[BlackElo "2377"]
[Annotator "ChessBase"]
[PlyCount "47"]
[EventDate "2021.12.29"]
[EventType "swiss"]
[EventCountry "POL"]
[Tiebreak "Cut1 Buchholz"]
[SourceTitle "playchess.com"]
[Source "ChessBase"]
[SourceQuality "1"]
[TimeControl "180+2"]

1. e4 e6 2. d4 d5 3. e5 c5 4. c3 Nc6 5. Nf3 Bd7 6. Be2 Rc8 7. O-O a6 8. Na3 cxd4 9. cxd4 Bxa3 10. bxa3 Nge7 11. Bd3 Na5 12. Rb1 b5 13. a4 Nc4 14. axb5 axb5 15. Ng5 Ng6 16. Qh5 Qb6 17. Nxh7 Qxd4 18. Bxg6 fxg6 19. Qxg6+ Kd8 20. Ng5 Nxe5 21. Nxe6+ Bxe6 22. Qxe6 Rc6 23. Qf5 Kc7 24. Bf4 1-0

[Event "FIDE Women World Blitz 2021"]
[Site "Warsaw"]
[Date "2021.12.30"]
[Round "12.7"]
[White "Parol, Pola"]
[Black "Movsesian, Julia"]
[Result "1-0"]
[ECO "C41"]
[WhiteElo "1823"]
[BlackElo "2322"]
[Annotator "NA"]
[PlyCount "183"]
[EventDate "2021.12.29"]
[EventType "swiss"]
[EventCountry "POL"]
[Tiebreak "Cut1 Buchholz"]
[SourceTitle "playchess.com"]
[Source "ChessBase"]
[SourceQuality "1"]
[TimeControl "180+2"]

1. e4 d6 2. d4 Nf6 3. Nc3 Nbd7 4. Nf3 e5 5. Bc4 Be7 6. O-O O-O 7. Re1 c6 8. a4 h6 9. h3 Re8 10. Bb3 Qc7 11. Be3 Bf8 12. dxe5 dxe5 13. Qe2 Nc5 14. Nd2 Nxb3 15. Nxb3 g6 16. Qf3 Nh7 17. Rad1 Bg7 18.
Qg3 b6 19. Qh4 g5 20. Qg3 Nf6 21. h4 Nh5 22. Qf3 Nf4 23. hxg5 hxg5 24. Bxf4 exf4 25. Qh5 Qe5 26. Rd3 g4 27. Qxe5 Bxe5 28. Nd4 Ba6 29. Rdd1 Kg7 30. Nxc6 Bxc3 31. bxc3 Rac8 32. Nb4 Bb7 33. Rd7 Bxe4 34. Rxa7 Rxc3 35. a5 bxa5 36. Rxa5 Kg6 37. Nd3 Rxc2 38. Nxf4+ Kg7 39. Rg5+ Kf8 40. Rxg4 f5 41. Rg5 Rec8 42. g4 Kf7 43. gxf5 Kf6 44. Rg3 Kxf5 45. Rge3 R8c4 46. Ne2 Bc6 47. Ng3+ Kg4 48. Re7 Rc1 49. R7e3 Kg5 50. Kh2 Rh4+ 51. Kg1 Rhc4 52. Kh2 Rxe1 53. Rxe1 Rh4+ 54. Kg1 Kf4 55. Rc1 Bd5 56. Ra1 Rh7 57. Ra4+ Ke5 58. Ra5 Kd6 59. Ra6+ Ke5 60. Ra5 Kd6 61. Ra1 Ke5 62. Ra5 Kd6 63. f4 Rh3 64. Kf2 Rh2+ 65. Ke3 Rg2 66.
Nf5+ Kc6 67. Nd4+ Kd6 68. Ra6+ Kc5 69. Ra5+ Kc4 70. Nf5 Rb2 71. Ra4+ Kc5 72. Ra5+ Kc4 73. Ra4+ Kc5 74. Ra7 Rb3+ 75. Kd2 Be4 76. Ne7 Kd4 77. Ra4+ Kc5 78. Rxe4 Kd6 79. Nf5+ Kd5 80. Re8 Rf3 81. Ne3+ Kd4 82. f5 Rf2+ 83. Ke1 Ra2 84. f6 Ra1+ 85. Kf2 Ra2+ 86. Kf1 Ra1+ 87. Kg2 Ra2+ 88. Kg1 Ra7 89. Re7 Ra8 90. Nf5+ Kd5 91. f7 Rf8 92. Nh6 1-0

[Event "FIDE Women World Blitz 2021"]
[Site "Warsaw"]
[Date "2021.12.30"]
[Round "12.8"]
[White "Socko, Monika"]
[Black "Stefanova, Antoaneta"]
[Result "1-0"]
[ECO "D10"]
[WhiteElo "2393"]
[BlackElo "2475"]
[Annotator "ChessBase"]
[PlyCount "67"]
[EventDate "2021.12.29"]
[EventType "swiss"]
[EventCountry "POL"]
[Tiebreak "Cut1 Buchholz"]
[SourceTitle "playchess.com"]
[Source "ChessBase"]
[SourceQuality "1"]
[TimeControl "180+2"]

1. d4 d5 2. c4 c6 3. cxd5 cxd5 4. Bf4 Nf6 5. Nc3 a6 6. e3 Nc6 7. Bd3 Bg4 8. Nge2 e6 9. Rc1 Be7 10. O-O O-O 11. Na4 Nd7 12. a3 e5 13.
dxe5 Ndxe5 14. Nc5 Nxd3 15. Qxd3 Bf6 16. b4 Bxe2 17. Qxe2 Qe7 18. Qf3 Rfd8 19. Rfd1 d4 20. Nxb7 Qxb7 21. Qxc6 Qxc6 22. Rxc6 dxe3 23. Rxd8+ Bxd8 24. Bxe3 h6 25. g3 a5 26. b5 a4 27. Ra6 Rb8 28. Rxa4 Kh7 29. Rb4 Ba5 30. Rb3 g5 31. b6 Rb7 32. Rb5 Bc3 33. a4 Kg6 34. a5 1-0

[Event "FIDE Women World Blitz 2021"]
[Site "Warsaw"]
[Date "2021.12.30"]
[Round "12.8"]
[White "Budkiewicz, Magdalena"]
[Black "Nurgali, Nazerke"]
[Result "0-1"]
[ECO "B15"]
[WhiteElo "1624"]
[BlackElo "2267"]
[Annotator "NA"]
[PlyCount "74"]
[EventDate "2021.12.29"]
[EventType "swiss"]
[EventCountry "POL"]
[Tiebreak "Cut1 Buchholz"]
[SourceTitle "playchess.com"]
[Source "ChessBase"]
[SourceQuality "1"]
[TimeControl "180+2"]

1. e4 c6 2. d4 d5 3. Nc3 dxe4 4. Nxe4 Nf6 5. Nxf6+ exf6 6. Be2 Bd6 7. h3 O-O 8. Nf3 Na6 9. O-O Nc7 10. Nd2 Ne6 11. Nc4 Bc7 12. c3 Re8 13.
Bd3 Nf8 14. Qc2 Be6 15. Bd2 Ng6 16. Rfe1 b5 17. Ne3 Qd6 18. Nf1 Qd7 19. Qd1 Rad8 20. Be3 Bxh3 21. Bxg6 hxg6 22. gxh3 Qxh3 23. Qd2 Re4 24. f4 Rde8 25. Qg2 Qf5 26. Ng3 Qd5 27. Nxe4 Rxe4 28. Rad1 f5 29. b3 g5 30. Bc1 gxf4 31. Rxe4
fxe4 32. Rf1 f3 33. Qg5 Qd6 34. Qh4 Qg6+ 35. Kf2 Qg2+ 36. Ke3 Qxf1 37. Bd2 Qe2# 0-1

[Event "FIDE Women World Blitz 2021"]
[Site "Warsaw"]
[Date "2021.12.30"]
[Round "12.9"]
[White "Balajayeva, Khanim"]
[Black "Kosteniuk, Alexandra"]
[Result "0-1"]
[ECO "B13"]
[WhiteElo "2369"]
[BlackElo "2518"]
[Annotator "ChessBase"]
[PlyCount "120"]
[EventDate "2021.12.29"]
[EventType "swiss"]
[EventCountry "POL"]
[Tiebreak "Cut1 Buchholz"]
[SourceTitle "playchess.com"]
[Source "ChessBase"]
[SourceQuality "1"]
[TimeControl "180+2"]

1. e4 c6 2. d4 d5 3. exd5 cxd5 4. c4 Nf6 5. Nc3 Nc6 6. Bg5 Be6 7. Be2 h6 8. Bxf6 exf6 9. Bf3 Bb4 10. Nge2 O-O 11. O-O Ne7 12. Nf4 Bxc3 13. bxc3 Qd6 14. Nxd5 Nxd5 15. cxd5 Bxd5 16. Bxd5 Qxd5 17. Qb3 Qd7 18.
Rfe1 Rac8 19. Re3 Rfe8 20. Rxe8+ Rxe8 21. Qc2 f5 22. h3 Re4 23. Rb1 b6 24. a4 Qc6 25. Qb3 f4 26. d5 Qg6 27. Qd1 Qd6 28.
f3 Rc4 29. Qd2 Rxa4 30. Re1 g6 31. Kh2 Rc4 32. Qd3 Rc8 33.
c4 a5 34. Rb1 a4 35. Qd4 Rb8 36. Ra1 a3 37. Qc3 Ra8 38. Ra2 Qe7 39. Qb3 Qc5 40. Rd2 Re8 41. Qb5 Qxb5 42. cxb5 Ra8 43. Ra2 Kf8 44. Kg1 Ke7 45. Kf2 Kd6
46. Ke2 Kxd5 47. Kd3 Kc5 48. Kc3 Kxb5 49. Kb3 g5 50. Ra1 a2 51. Kb2 Kb4 52. Kc2 b5 53.
Kb2 Re8 54. Rd1 Re2+ 55. Ka1 Ka3 56. Rd3+ Ka4 57. Rd1 b4 58. g4 fxg3 59. f4 b3 60. fxg5 Ka3 0-1

[Event "FIDE Women World Blitz 2021"]
[Site "Warsaw"]
[Date "2021.12.30"]
[Round "12.9"]
[White "Katkov, Michelle"]
[Black "Rudzinska, Michalina"]
[Result "1-0"]
[ECO "B22"]
[WhiteElo "1651"]
[BlackElo "1832"]
[Annotator "NA"]
[PlyCount "55"]
[EventDate "2021.12.29"]
[EventType "swiss"]
[EventCountry "POL"]
[Tiebreak "Cut1 Buchholz"]
[SourceTitle "playchess.com"]
[Source "ChessBase"]
[SourceQuality "1"]
[TimeControl "180+2"]

1. e4 c5 2. c3 d5 3. exd5 Qxd5 4. d4 Nf6 5. Nf3 Bg4 6. Be2 e6 7. h3 Bh5 8. Be3 cxd4 9. cxd4 Nc6 10. Nc3 Qd6 11. O-O Be7 12. Qb3 O-O 13.
Rfd1 a6 14. a3 Rfd8 15. Rac1 Rac8 16. d5 exd5 17. g4 Bg6 18. g5 Ne4 19. Nxd5 Na5 20. Qa4 Rxc1 21. Bxc1 Qe6 22. Nxe7+ Qxe7 23. Qxa5 Rxd1+ 24. Bxd1 Nd6 25. Be3 Be4 26. Qe5 Qd7 27. Bf4 Nb5 28. Qb8+ 1-0

[Event "FIDE Women World Blitz 2021"]
[Site "Warsaw"]
[Date "2021.12.30"]
[Round "12.10"]
[White "Bodnaruk, Anastasia"]
[Black "Girya, Olga"]
[Result "1/2-1/2"]
[ECO "C26"]
[WhiteElo "2396"]
[BlackElo "2402"]
[Annotator "NA"]
[PlyCount "118"]
[EventDate "2021.12.29"]
[EventType "swiss"]
[EventCountry "POL"]
[Tiebreak "Cut1 Buchholz"]
[SourceTitle "playchess.com"]
[Source "ChessBase"]
[SourceQuality "1"]
[TimeControl "180+2"]

1. e4 e5 2. Nc3 Nf6 3. d4 exd4 4. Qxd4 Nc6 5. Qd3 Bc5 6.
Bf4 d6 7. O-O-O Bxf2 8. Nf3 Be6 9. Qd2 Bb6 10. Bg5 h6 11.
Bh4 g5 12. Bg3 Ng4 13. Kb1 Qe7 14. Bb5 O-O-O 15. Rhe1 Nge5 16. Nd5 Qf8 17. Qc3 f6 18. a3 Kb8 19. Rf1 Qg7 20. Nxe5 Nxe5 21. Nxf6 Ng4 22. Rf3 Nxf6 23. Qxf6 Qxf6 24. Rxf6 Bg4 25. Rdf1 a6 26. Ba4 Bd4 27. Rf7 Be6 28. Re7 Bc4 29. Rd1 Bf6 30. Rd7 b5 31. Rxd8+ Rxd8 32. Bb3 Bxb3 33. cxb3 Re8 34. Re1 Kb7 35. Kc2 Kc6 36. b4 Be5 37. Bxe5 Rxe5 38. Kd3 d5 39. exd5+ Kxd5 40. Rc1 Kd6 41. Rf1 Rd5+ 42. Kc2 Re5 43. Kd3 Rd5+ 44. Kc3 Re5 45. Rf2 Kd5 46. Kd3 Re6 47. Rf7 Kd6 48. g4 c5 49. bxc5+ Kxc5 50. b4+ Kd5 51. Rd7+ Ke5 52. Rf7 Rc6 53. Rf5+ Ke6 54. Rf8 Ke5 55. h3 Kd5 56. Rf5+ Ke6 57. Rf8 Kd5 58. Rf5+ Ke6 59. Rf8 Ke5 1/2-1/2

[Event "FIDE Women World Blitz 2021"]
[Site "Warsaw"]
[Date "2021.12.30"]
[Round "12.10"]
[White "Zabrzanska, Weronika"]
[Black "Heredia Serrano, Carla"]
[Result "1-0"]
[ECO "B12"]
[WhiteElo "1596"]
[BlackElo "2138"]
[Annotator "NA"]
[PlyCount "74"]
[EventDate "2021.12.29"]
[EventType "swiss"]
[EventCountry "POL"]
[Tiebreak "Cut1 Buchholz"]
[SourceTitle "playchess.com"]
[Source "ChessBase"]
[SourceQuality "1"]
[TimeControl "180+2"]

1. e4 c6 2. d4 d5 3. e5 c5 4. dxc5 e6 5. Nf3 Bxc5 6. a3 Ne7 7. b4 Bb6 8. Bb2 a5 9. Bd3 axb4 10. axb4 Rxa1 11. Bxa1 Nd7 12. O-O Ng6 13. Nbd2 Nf4 14. Nb3 O-O 15. c4 Nxd3 16. Qxd3 dxc4 17. Qxc4 Qe7 18. Rc1 h6 19. Nbd4 Nb8 20. Nb5 Bd7 21. Nd6 Bc6 22. Rc3 Bd5 23. Qb5 Bc7 24. Nxb7 Nc6 25. Rxc6 Bxc6 26. Qxc6 Ra8 27. Bc3 Bd8 28. h3 Ra2 29. Nd4 Qh4 30. Be1 Ra1 31. Qc3 Rb1 32. Ne2 Qe4 33. Kf1 Kh7 34. Nxd8 Rd1 35. Nxf7 Rd3 36. Qc2 Qd5 37. Nd6 Kg8 1-0

[Event "FIDE Women World Blitz 2021"]
[Site "Warsaw"]
[Date "2021.12.30"]
[Round "12.11"]
[White "Salimova, Nurgyul"]
[Black "Shuvalova, Polina"]
[Result "1/2-1/2"]
[ECO "D00"]
[WhiteElo "2353"]
[BlackElo "2515"]
[Annotator "ChessBase"]
[PlyCount "99"]
[EventDate "2021.12.29"]
[EventType "swiss"]
[EventCountry "POL"]
[Tiebreak "Cut1 Buchholz"]
[SourceTitle "playchess.com"]
[Source "ChessBase"]
[SourceQuality "1"]
[TimeControl "180+2"]

1. d4 Nf6 2. Nc3 d5 3. Bf4 e6 4. Nb5 Na6 5. e3 c6 6. Nc3 Nc7 7. Bd3 Bd6 8. Nf3 O-O 9. O-O Re8 10. Bxd6 Qxd6 11. e4 dxe4 12. Nxe4 Nxe4 13. Bxe4 h6 14. c3 Nd5 15. Re1 b6 16. Ne5 Bb7 17. Qf3 Re7 18. Rad1 Rc8 19. Bb1 Nf6 20. Qg3 Rd8 21. Nd3 Qxg3 22. hxg3 Red7 23. Bc2 g5 24. f3 Kg7 25. Kf2 Nd5 26. g4 Rc7 27. Ne5 Rcc8 28. Be4 Nf4 29. g3 Nd5 30. Bxd5 cxd5 31. f4 b5 32. a3 a5 33. Nd3 Bc6 34. f5 exf5 35. gxf5 Re8 36. Re5 f6 37. Rxe8 Rxe8 38. b4 axb4 39. axb4 Ra8 40. Nc5 Ra2+ 41. Kg1 Rc2 42. Re1 Rxc3 43. Re7+ Kg8 44. Rc7 Be8 45. Rc8 Kf7 46. Rc7+ Kg8 47. Rc8 Kf7 48. Rc7+ Kg8 49. Rc8 Kf7 50. Rc7+ 1/2-1/2

[Event "FIDE Women World Blitz 2021"]
[Site "Warsaw"]
[Date "2021.12.30"]
[Round "12.11"]
[White "Kolaric, Spela"]
[Black "Brambilla, Renee Blandy T."]
[Result "1-0"]
[ECO "B20"]
[WhiteElo "2178"]
[BlackElo "1651"]
[Annotator "NA"]
[PlyCount "53"]
[EventDate "2021.12.29"]
[EventType "swiss"]
[EventCountry "POL"]
[Tiebreak "Cut1 Buchholz"]
[SourceTitle "playchess.com"]
[Source "ChessBase"]
[SourceQuality "1"]
[TimeControl "180+2"]

1. e4 c5 2. Nc3 g6 3. f4 Bg7 4. Nf3 Nc6 5. g3 e6 6. Bg2 Nge7 7. O-O O-O 8. Kh1 Rb8 9. a4 a6 10. Qe2 Re8 11. e5 d5 12. exd6 Qxd6 13. Ne4 Qd5 14. c4 Nd4 15. Qd3 Qc6 16. Ne5 Qc7 17. Ng4 Rd8 18. Ngf6+ Bxf6 19. Nxf6+ Kg7 20. Ne4 Nef5 21. Qa3 Nc2 22. Qc3+ Ncd4 23. b3 Kf8 24. Ba3 Ne2 25. Qh8+ Ke7 26. Qf6+ Kf8 27. Bxc5+ 1-0